 Dungeon Crawl Stone Soup version 0.29-a0-648-g6b26cc9f40 (webtiles) character file.

Game seed: 10282449246979128963

5423 MeArio the Protected (level 10, 0/83 HPs)
             Began as a Minotaur Fighter on June 4, 2022.
             Was a Believer of Hepliaklqana.
             Slain by an orc warrior
             ... wielding a +0 battleaxe
              (8 damage)
             ... on level 9 of the Dungeon on June 20, 2022.
             The game lasted 00:17:23 (9454 turns).

MeArio the Protected (Minotaur Fighter)             Turns: 9454, Time: 00:17:24

Health: 0/83       AC: 15    Str: 19    XL:     10   Next: 40%
Magic:  9/9        EV:  7    Int:  9    God:    Hepliaklqana [**....]
Gold:   590        SH: 15    Dex: 11    Spells: 9/9 levels left

rFire   . . .      SeeInvis .   a - +1 long sword
rCold   + + +      Faith    .   F - +0 tower shield
rNeg    . . .      Spirit   .   p - +3 ring mail of Jonih {rC+++ Str-5 Int+4 Slay+3}
rPois   .          Reflect  .   (helmet restricted)
rElec   .          Harm     .   C - +2 cloak
rCorr   .          Rampage  .   (no gloves)
Will    .....                   q - +0 pair of boots
Stlth   +.........              x - amulet of the acrobat
HPRegen 0.23/turn               (no ring)
MPRegen 0.11/turn               (no ring)

@: studying Armour
A: reduced essence, horns 2, retaliatory headbutt
a: Renounce Religion, Recall Ancestor, Ancestor Identity


You were on level 9 of the Dungeon.
You worshipped Hepliaklqana.
Hepliaklqana was pleased with you.
You visited 3 branches of the dungeon, and saw 11 of its levels.

You collected 590 gold pieces.

Inventory:

Hand Weapons
 a - a +1 long sword (weapon)
Missiles
 g - 4 atropa-tipped darts
 y - 43 poisoned darts (quivered)
 B - 2 curare-tipped darts
 D - 6 javelins
Armour
 p - the +3 ring mail of Jonih (worn) {rC+++ Str-5 Int+4 Slay+3}
   (You found it on level 2 of the Dungeon)

   Str:       It affects your strength (-5).
   Int:       It affects your intelligence (+4).
   Slay:      It affects your accuracy & damage with ranged weapons and melee
   (+3).
   rC:        It renders you almost immune to cold.
 q - a +0 pair of boots (worn)
 C - a +2 cloak (worn)
 F - a +0 tower shield (worn)
Jewellery
 i - a ring of wizardry
 l - a ring of ice
 x - an amulet of the acrobat (around neck)
 E - the ring "Ruylune" {rC+ Will+ Int+4 Dex+6 Slay+3}
   (You found it on level 8 of the Dungeon)

   [ring of dexterity]

   Int:       It affects your intelligence (+4).
   Dex:       It affects your dexterity (+6).
   Slay:      It affects your accuracy & damage with ranged weapons and melee
   (+3).
   rC:        It protects you from cold.
   Will:      It increases your willpower.
Wands
 n - a wand of flame (24)
Scrolls
 b - 3 scrolls of amnesia
 c - a scroll of identify
 j - 2 scrolls of poison
 m - 4 scrolls of fog
 r - 3 scrolls of magic mapping
 t - 2 scrolls of enchant armour
 u - 2 scrolls of teleportation
 z - a scroll of blinking
Potions
 d - 3 potions of might
 e - 2 potions of mutation
 f - 2 potions of heal wounds
 h - 2 potions of attraction
 k - a potion of magic {unknown}
 o - a potion of haste {unknown}
 s - 9 potions of curing
 v - 2 potions of flight
 w - 2 potions of cancellation
 A - a potion of invisibility {unknown}
 G - a potion of brilliance {unknown}
 H - a potion of ambrosia {unknown}


   Skills:
 + Level 9.8 Fighting
 + Level 9.4 Long Blades
 + Level 10.7 Armour
 * Level 10.6 Shields


You had 9 spell levels left.
You didn't know any spells.
Your spell library contained the following spells:

 Spells                   Type           Power      Damage    Failure   Level
 Magic Dart               Conj           0%         1d3       98%         1
 Call Imp                 Summ           0%         N/A       99%         2
 Mephitic Cloud           Conj/Pois/Air  0%         N/A       100%        3
 Animate Dead             Necr           0%         N/A       100%        4
 Borgnjor's Vile Clutch   Necr/Erth      0%         N/A       100%        5
 Death Channel            Necr           0%         N/A       100%        6


Dungeon Overview and Level Annotations

Branches:
Dungeon (9/15)             Temple (1/1) D:6            Lair (1/6) D:9
    Orc: D:9-12

Altars:
Ashenzari
Cheibriados
Dithmenos
Elyvilon
Fedhas
Gozag
Hepliaklqana
Kikubaaqudgha
Makhleb
Nemelex Xobeh
Okawaru
Ru
Sif Muna
Trog
Uskayaw
Vehumet
Wu Jian
Xom
Yredelemnul
Zin
The Shining One

Shops:
D:4 *   D:8 (


Innate Abilities, Weirdness & Mutations

Your life essence is reduced to manifest your ancestor. (-10% HP)
You have a pair of horns on your head.
You reflexively headbutt those who attack you in melee.


Message History

Something hits you.
You hear some strange, mumbled words.
Something tries to affect you, but you resist.
The orc warrior completely misses you. Something hits you but does no damage.
Things that are here:
a +0 club; a +0 leather armour You slash something!
You hear some strange, mumbled words.
You are confused.
The orc warrior barely misses you.
Something hits you but does no damage. x2
You slash something!
Reactivating autopickup.
You feel a bit more experienced. Something hits you but does no damage.
Deactivating autopickup; reactivate with Ctrl-A.
The orc warrior hits you but does no damage.
Something hits you but does no damage.
The orc warrior attacks as you move away!
The orc warrior hits you but does no damage.
Something hits you but does no damage. Something barely misses you.
Items here: )) [ †.
You miss something. Something hits you but does no damage.
The orc warrior hits you with a +0 battleaxe!
Something hits you but does no damage. x2
The orc warrior hits you with a +0 battleaxe.
* * * LOW HITPOINT WARNING * * *
Something hits you but does no damage.
You barely miss something. Something hits you.
* * * LOW HITPOINT WARNING * * *
The orc warrior hits you with a +0 battleaxe!
* * * LOW HITPOINT WARNING * * *
Something completely misses you.
You miss something. Something hits you but does no damage.
The orc warrior hits you with a +0 battleaxe.
* * * LOW HITPOINT WARNING * * *
Something hits you but does no damage.
You barely miss something.
You feel less confused. Something hits you but does no damage.
The orc warrior hits you with a +0 battleaxe!
You die...

.# ..# . ..##..
......
##+##......#
#..........#
#.@o)# ....#
+.{..##....#
#....##....#
#.$........#
#..........#
#+#..........#
..............#
###...........#
..............#


You could see an orc warrior.

Vanquished Creatures
  Grinder (D:6)
  A wyvern (D:9)
  A basilisk (D:9)
  3 steam dragons
  2 water moccasins (D:7)
  A black bear (D:4)
  3 ice beasts
  An orc warrior (D:5)
  2 ogres (D:6)
  2 centaurs
  3 phantoms
  5 kobold brigands
  3 scorpions
  A bullfrog (D:7)
  3 killer bees (D:9)
  2 hounds
  A jelly (D:5)
  4 orc priests
  2 iguanas
  10 orc wizards
  10 gnolls
  6 adders
  2 white imps
  An ufetubus (D:6)
  A dart slug (D:1)
  24 orcs
  10 ball pythons
  6 bats
  5 endoplasms
  2 giant cockroaches (D:1)
  8 goblins
  7 hobgoblins
  11 jackals
  6 quokkas
  2 frilled lizards
  61 kobolds
  7 rats
220 creatures vanquished.

Vanquished Creatures (collateral kills)
  A two-headed ogre (D:8)
  A komodo dragon (D:9)
  A hornet (D:8)
  A wyvern (D:9)
  A basilisk (D:9)
  A steam dragon (D:8)
  A water moccasin (D:7)
  4 killer bees (D:9)
  3 orc wizards
  3 orcs
17 creatures vanquished.

Vanquished Creatures (others)
  2 battlemagi (D:9)
  An ancestor (D:7)
3 creatures vanquished.

Grand Total: 240 creatures vanquished

Notes
Turn   | Place    | Note
-------+----------+-------------------------------------------
     0 | D:1      | MeArio the Minotaur Fighter began the quest for the Orb.
     0 | D:1      | Reached XP level 1. HP: 19/19 MP: 0/0
    32 | D:1      | Reached XP level 2. HP: 8/27 MP: 1/1
   556 | D:1      | Reached XP level 3. HP: 33/33 MP: 2/2
   817 | D:1      | Upgraded the game from 0.29-a0-542-g075992c915 to
                  | 0.29-a0-553-g81b289dbe5
   958 | D:2      | Identified the +3 ring mail of Jonih {rC+++ Str-5 Int+4
                  | Slay+3}
  1303 | D:2      | Reached XP level 4. HP: 41/41 MP: 3/3
  1749 | D:3      | Reached XP level 5. HP: 45/47 MP: 4/4
  1830 | D:3      | Found a faded altar of an unknown god.
  2237 | D:4      | Reached skill level 5 in Fighting
  2267 | D:4      | Found Qimmihio's Assorted Antiques.
  2482 | D:4      | Reached skill level 5 in Shields
  2485 | D:4      | Reached skill level 5 in Armour
  2503 | D:4      | Reached XP level 6. HP: 14/56 MP: 5/5
  2927 | D:4      | Reached skill level 5 in Long Blades
  2930 | D:4      | Reached XP level 7. HP: 47/62 MP: 6/6
  3640 | D:5      | Entered Level 5 of the Dungeon
  3816 | D:5      | Upgraded the game from 0.29-a0-553-g81b289dbe5 to
                  | 0.29-a0-559-g359e09b9d1
  3854 | D:5      | Reached XP level 8. HP: 54/71 MP: 7/7
  4734 | D:6      | Found a bloodstained altar of Trog.
  4820 | D:6      | Found a staircase to the Ecumenical Temple.
  4829 | Temple   | Entered the Ecumenical Temple
  5015 | Temple   | Became a worshipper of Hepliaklqana the Forgotten
  5145 | D:6      | Identified the +0 ring mail of Gelots {Str+2}
  5557 | D:6      | Found a shimmering altar of Xom.
  5567 | D:6      | Found a burning altar of Makhleb.
  5567 | D:6      | Found a sparkling altar of Nemelex Xobeh.
  5573 | D:6      | Found an ancient bone altar of Kikubaaqudgha.
  5576 | D:6      | Found an iron altar of Okawaru.
  5579 | D:6      | Found a snail-covered altar of Cheibriados.
  5647 | D:6      | Found a shadowy altar of Dithmenos.
  5777 | D:6      | Reached XP level 9. HP: 81/81 MP: 8/8
  5819 | D:6      | Noticed Grinder
  5837 | D:6      | Killed Grinder
  6200 | D:7      | Reached * piety under Hepliaklqana
  6610 | D:7      | Found a glowing golden altar of the Shining One.
  7228 | D:8      | Identified a scroll of acquirement
  7228 | D:8      | Acquired a manual of Armour
  7396 | D:8      | Identified the ring "Ruylune" {rC+ Will+ Int+4 Dex+6
                  | Slay+3}
  7401 | D:8      | Reached ** piety under Hepliaklqana
  7402 | D:8      | Remembered your ancestor Rana as a battlemage
  7472 | D:8      | Found Jusut's Firing Range.
  7761 | D:8      | Noticed a two-headed ogre
  7770 | D:8      | Killed a two-headed ogre
  8069 | D:8      | Reached XP level 10. HP: 16/81 MP: 9/9
  8553 | D:9      | Upgraded the game from 0.29-a0-559-g359e09b9d1 to
                  | 0.29-a0-648-g6b26cc9f40
  8593 | D:9      | Reached skill level 10 in Armour
  8680 | D:9      | Reached skill level 10 in Shields
  8742 | D:9      | Found a staircase to the Lair.
  8780 | Lair:1   | Entered Level 1 of the Lair of Beasts
  9454 | D:9      | Slain by an orc warrior

Illustrated notes

Levels and vault maps discovered:
D:1:      minmay_arrival_stone_box, layout_rooms, minmay_misc_feat_four_crosses,
          dreamdust_wishing_well
D:2:      layout_basic
D:3:      layout_rooms, shapermc_ecumenical_altar_pompeii,
          kennysheep_generic_room_13
D:4:      minmay_goblin_kobold_castle, layout_loops_corners, serial_shops,
          nicolae_shop_advertising_works [nicolae_subvault_shop_adworks],
          minivault_14, minmay_misc_feat_square
D:5:      layout_cave_pools
D:6:      layout_loops_ring, lightli_temple_of_fire,
          nicolae_overflow_hallway_of_the_gods, kennysheep_mini, temple_hall,
          minmay_misc_feat_room, grunt_decor_cap, chequers_serial_rivers_room_a,
          uniq_grinder
D:7:      layout_loops_corners, nicolae_tso_swordbearing_angel
D:8:      layout_basic, hex_tiny, nicolae_shop_firing_range
D:9:      layout_stronghold, erik_lair_dragon, minmay_statues_item,
          uniq_maurice, uniq_pikel
Temple:   chequers_temple_sunken
Lair:1:   layout_long_grid, lemuel_old_faithful

Skill      XL: |  1  2  3  4  5  6  7  8  9 10 |
---------------+-------------------------------+-----
Shields        | 4 5 6 7 9 10 | 10.6
Armour         | 4 5 6 7 9 10 | 10.7
Fighting       | 4 5 6 7 9 |  9.8
Long Blades    | 3 4 5 6 7 8 9 |  9.4

Action                   |  1- 3 |  4- 6 |  7- 9 | 10-12 || total
-------------------------+-------+-------+-------+-------++-------
Melee: Long sword        |   104 |   127 |   278 |    48 ||   557
       Headbutt          |    13 |    24 |    47 |     7 ||    91
Throw: Dart              |       |       |     4 |       ||     4
Invok: Ancestor Life: Ba |       |       |     1 |       ||     1
  Use: Scroll            |       |       |    16 |     1 ||    17
Armor: Scale mail        |    43 |       |       |       ||    43
       Ring mail         |     8 |    75 |   108 |    70 ||   261
Dodge: Dodged            |    61 |   111 |   147 |    31 ||   350
Block: Buckler           |    26 |    43 |    71 |       ||   140
       Tower shield      |       |       |    13 |    49 ||    62

Table legend: (Time is in decaauts)
 A = Elapsed time spent in this place.
 B = Non-inter-level travel time spent in this place.
 C = Inter-level travel time spent in this place.
 D = Time resting spent in this place.
 E = Time spent auto-exploring this place.
 F = Levels seen in this place.
 G = Mean time per level.
                   A        B        C        D        E       F      G
               +--------+--------+--------+--------+--------+-----+--------+
         Total |   9613 |   9465 |    148 |   1594 |   6164 |  11 |  873.9 |
       Dungeon |   9054 |   8906 |    148 |   1286 |   5951 |   9 | 1006.0 |
        Temple |    249 |    249 |      0 |      0 |    212 |   1 |  249.0 |
          Lair |    309 |    309 |      0 |    308 |      0 |   1 |  309.0 |
               +--------+--------+--------+--------+--------+-----+--------+

Top non-repeatable levels by time:
     D:4: 1739 daAuts
     D:6: 1446 daAuts
     D:8: 1188 daAuts
     D:7: 1052 daAuts
     D:5: 910 daAuts
     D:1: 848 daAuts
     D:9: 746 daAuts
     D:2: 618 daAuts
     D:3: 503 daAuts
  Lair:1: 309 daAuts
  Temple: 249 daAuts
